 Dungeon Crawl Stone Soup version 0.20.0-7-g3b7b877 (webtiles) character file.

232 vatarom the Slasher (level 5, -1/41 HPs)
             Began as a Demonspawn Gladiator on May 29, 2017.
             Was an Initiate of Qazlal.
             Killed by divine providence
             ... invoked by an orc priest
              (8 damage)
             ... on level 4 of the Dungeon.
             The game lasted 00:06:17 (2836 turns).

vatarom the Slasher (Demonspawn Gladiator)          Turns: 2836, Time: 00:06:18

Health: -1/41      AC:  7    Str: 15 (16) XL:     5   Next: 73%
Magic:  6/6        EV: 13    Int:  8 (9)  God:    Qazlal [......]
Gold:   107        SH:  0    Dex: 12 (14) Spells: 4/4 levels left

rFire    + . .     SeeInvis .   a - +0 long sword
rCold    + . .     Gourm    .   (no shield)
rNeg     . . .     Faith    .   b - +0 leather armour
rPois    +         Spirit   .   c - +0 helmet
rElec    +         Reflect  .   (no cloak)
rCorr    +         Harm     .   (no gloves)
MR       .....                  e - +0 pair of boots
Stlth    +.........             (no amulet)
Regen    0.2/turn               (no ring)
MPRegen  0.1/turn               (no ring)

@: lethally poisoned (-1 -> -3), resistant, hasted, very quick
A: hooves 1, slimy green scales 1, powered by death 1
a: Renounce Religion


You were on level 4 of the Dungeon.
You worshipped Qazlal.
Qazlal was noncommittal.
You were not hungry.

You visited 1 branch of the dungeon, and saw 4 of its levels.

You collected 107 gold pieces.

Inventory:

Hand Weapons
 a - a +0 long sword (weapon)
Missiles
 d - 4 throwing nets (quivered)
Armour
 b - a +0 leather armour (worn)
 c - a +0 helmet (worn)
 e - a +0 pair of boots (worn)
Scrolls
 g - 4 scrolls of identify
 h - 3 scrolls of teleportation
 k - a scroll of remove curse
 l - 2 scrolls of random uselessness
Comestibles
 i - 2 fruits
 o - a bread ration


   Skills:
 - Level 3.6 Fighting
 + Level 3.9 Long Blades
 - Level 2.0 Throwing
 - Level 2.0 Armour
 - Level 3.2 Dodging
 * Level 1.6 Invocations


You had 4 spell levels left.
You didn't know any spells.

Dungeon Overview and Level Annotations

Branches:
Dungeon (4/15)
 Temple: D:4-7

Altars:
Fedhas
Qazlal

Annotations:
D:2 exclusion: oklob plant


Innate Abilities, Weirdness & Mutations

You have large cloven feet.
You are partially covered in slimy green scales. (AC +2)
You regenerate a little health from kills.


Message History

Beogh smites you! The orc hits you with a hand axe.
* * * LOW HITPOINT WARNING * * *
You are too injured to fight recklessly!
You are too injured to fight recklessly!
It was a potion of haste.
You feel yourself speed up. The orc barely misses you. x2
It was a potion of degeneration.
There was something very wrong with that liquid.
You feel weakened.
You feel dopey.
You feel clumsy. The orc hits you but does no damage.
You feel protected. The orc hits you with a hand axe.
* * * LOW HITPOINT WARNING * * *
You hit the orc.
You kill the orc!
Qazlal accepts your kill.
You barely miss the orc priest. The orc closely misses you.
The orc priest calls down the wrath of Beogh upon you.
Beogh smites you!
You die...

#####..
#..)..
#.....
#....##
#..... ##
#....#..##$
#.....ooo..
#o## #o@##
##..# ##.#
#.# #.# #
#.##.#
#..#.#
####.#.##
#.......#


You could see an orc priest and an orc.

Vanquished Creatures
  An orc priest (D:3)
  Jessica (D:2)
  2 worker ants
  4 adders
  2 worms (D:3)
  A dart slug (D:1)
  2 leopard geckos
  11 orcs
  7 bats
  3 giant cockroaches
  9 goblins
  9 hobgoblins
  5 jackals
  7 kobolds
  2 quokkas
  2 ball pythons
  2 frilled lizards (D:2)
  4 rats
74 creatures vanquished.

Notes
Turn   | Place    | Note
-------+----------+-------------------------------------------
     0 | D:1      | vatarom the Demonspawn Gladiator began the quest for the Orb.
     0 | D:1      | Reached XP level 1. HP: 16/16 MP: 1/1
   308 | D:1      | Gained mutation: You regenerate a little health from kills. [demonic ancestry]
   308 | D:1      | Reached XP level 2. HP: 22/22 MP: 2/2
   803 | D:2      | Gained mutation: You have large cloven feet. [demonic ancestry]
   803 | D:2      | Reached XP level 3. HP: 23/27 MP: 3/3
  1300 | D:2      | Reached skill level 1 in Armour
  1437 | D:2      | Noticed Jessica
  1446 | D:2      | Killed Jessica
  1446 | D:2      | Reached XP level 4. HP: 26/33 MP: 4/4
  1766 | D:2      | Found a blossoming altar of Fedhas.
  1783 | D:2      | Noticed an oklob plant
  2218 | D:3      | Gained mutation: You are partially covered in slimy green scales. (AC +2) [demonic ancestry]
  2218 | D:3      | Reached XP level 5. HP: 35/41 MP: 5/5
  2413 | D:3      | Found a stormy altar of Qazlal.
  2423 | D:3      | Became a worshipper of Qazlal Stormbringer
  2825 | D:4      | Reached skill level 1 in Invocations
  2836 | D:4      | Killed from afar by an orc priest

Skill      XL: |  1  2  3  4  5 |
---------------+----------------+-----
Dodging        | 3 |  3.2
Long Blades    | 3 |  3.9
Throwing       | 2 |  2.0
Armour         | 1 2 |  2.0
Fighting       | 3 |  3.6
Invocations    | 1 |  1.6

Action                   |  1- 3 |  4- 6 || total
-------------------------+-------+-------++-------
Melee: Long sword        |    98 |   112 ||   210
  Use: Potion            |     1 |     5 ||     6
       Scroll            |     3 |     1 ||     4
 Stab: Sleeping          |       |     2 ||     2
  Eat: Chunk             |     2 |     1 ||     3
       Bread ration      |       |     1 ||     1
Armor: Leather armour    |    25 |    36 ||    61
Dodge: Dodged            |    83 |    93 ||   176
       Rpst.: Long sword |    28 |    25 ||    53
